Map: Equilibrium LE

Players

Bill

  • Race: Zerg Zerg
  • League: Gold
  • Spawn Location: 1:00

MALISIMOCROM - Winner!

  • Race: Protoss Protoss
  • Spawn Location: 11:00

VOD

Have the link to the VOD?

Description

Time

  • Played on: Nov. 28, 2023, 4:48 p.m.
  • Length: 9:30
Show
View Real Time Build Order
Export as new Build Order

Bill Zerg 

Build Orders: Hatch First 

Get SALT Encoding   

  12  0:10  Drone  
  13  0:31  Hatchery  
  12  0:41  Drone  
  13  0:44  Overlord  
  13  0:56  Drone  
  14  1:11  Drone, Spawning Pool  
  14  1:26  Extractor  
  14  1:29  Drone  
  14  1:30  Overlord  
  14  1:45  Drone  
  15  1:47  Drone x2  
  17  2:00  Queen  
  19  2:03  Queen  
  19  2:06  Zergling x2  
  22  2:33  Zergling x2  
  22  2:36  Drone  
  24  2:42  Drone  
  24  2:43  Hatchery  
  24  2:44  Zergling x4  
  26  2:51  Drone x2  
  26  2:55  Zergling x2  
  29  3:03  Drone  
  30  3:06  Drone  
  30  3:09  Overlord  
  31  3:13  Drone  
  31  3:14  Drone  
  33  3:23  Metabolic Boost  
  33  3:27  Roach Warren  
  33  3:31  Drone  
  33  3:32  Zergling x2  
  34  3:39  Drone x2  
  34  3:40  Drone  
  37  3:43  Drone  
  37  3:47  Overlord  
  38  3:54  Extractor  
  37  3:58  Drone  
  36  4:18  Zergling x8  
  39  4:29  Queen  
  39  4:30  Drone  
  39  4:31  Drone x2  
  44  4:32  Queen  
  44  4:33  Queen  
  44  4:36  Extractor  
  44  4:37  Drone  
  48  4:39  Drone x3  
  48  4:41  Roach x2  
  55  4:51  Evolution Chamber  
  54  4:58  Drone x2  
  56  5:01  Drone  
  56  5:05  Overlord x2  
  57  5:11  Drone  
  58  5:20  Extractor  
  57  5:25  Zerg Missile Weapons Level 1  
  57  5:26  Lair  
  57  5:27  Overlord x2  
  57  5:29  Roach x2  
  57  5:31  Zergling x2  
  57  5:32  Roach x3  
  57  5:34  Drone  
  69  5:38  Drone x2  
  69  5:41  Drone x2  
  73  5:48  Overlord x2  
  73  6:09  Drone x2  
  75  6:17  Hatchery  
  74  6:30  Hydralisk Den  
  74  6:31  Infestation Pit  
  74  6:32  Glial Reconstitution  
  72  6:34  Drone  
  73  6:46  Drone  
  71  7:12  Zergling x2, Hydralisk x4, Roach x2  
  71  7:14  Zergling x4  
  81  7:23  Zergling x2  
  81  7:24  Zergling x2  
  80  7:36  Evolution Chamber  
  68  7:38  Drone x3  
  68  7:41  Drone  
  68  7:42  Drone  
  68  7:43  Drone  
  68  7:44  Drone x2  
  76  7:59  Muscular Augments  
  76  8:00  Zergling x2  
  76  8:01  Zergling x2  
  76  8:02  Zergling x2  
  76  8:03  Hydralisk  
  76  8:05  Zergling x2, Roach  
  84  8:06  Overlord  
  72  8:27  Hydralisk x3  
  69  8:46  Hydralisk  
  69  8:47  Hydralisk x3  
  73  8:52  Drone x2  
  75  9:09  Drone  
  76  9:14  Drone x2  
  76  9:15  Drone  
Show
View Real Time Build Order
Export as new Build Order

MALISIMOCROM Protoss - Winner!

Build Orders: Blink Stalkers 

Get SALT Encoding   

  12  0:05  Probe  
  13  0:20  Pylon  
  13  0:22  Probe (Chrono Boost)  
  14  0:32  Probe (Chrono Boost)  
  15  0:43  Gateway  
  15  0:45  Probe  
  16  1:02  Probe  
  17  1:14  Probe  
  18  1:23  Assimilator x2  
  18  1:26  Probe  
  18  1:31  Cybernetics Core  
  19  1:38  Gateway  
  19  1:42  Probe  
  20  1:54  Probe  
  21  2:01  Zealot  
  23  2:22  Pylon  
  23  2:27  Nexus  
  23  2:40  Warp Gate (Chrono Boost), Probe  
  23  2:42  Gateway  
  23  2:43  Twilight Council  
  24  2:52  Probe  
  25  3:04  Probe  
  26  3:06  Robotics Facility  
  26  3:16  Probe  
  27  3:20  Blink (Chrono Boost)  
  27  3:28  Probe  
  29  3:42  Probe (Chrono Boost)  
  29  3:45  Probe (Chrono Boost)  
  30  3:52  Pylon, Probe (Chrono Boost)  
  30  3:55  Shield Battery, Probe (Chrono Boost)  
  32  3:56  Probe (Chrono Boost)  
  32  4:01  Immortal  
  37  4:04  Probe  
  38  4:19  Pylon  
  38  4:35  Assimilator  
  38  4:36  Assimilator, Probe x2  
  40  4:48  Probe x2, Pylon  
  40  4:50  Observer  
  43  5:14  Robotics Bay  
  43  5:15  Probe (Chrono Boost)  
  43  5:16  Probe (Chrono Boost)  
  45  5:26  Robotics Facility, Probe x2 (Chrono Boost)  
  47  5:29  Robotics Facility  
  47  5:30  Probe (Chrono Boost)  
  47  5:31  Robotics Facility, Probe (Chrono Boost)  
  47  5:33  Pylon  
  49  5:36  Immortal  
  49  5:39  Charge  
  53  6:14  Forge  
  53  6:17  Colossus x2 (Chrono Boost)  
  69  6:32  Immortal (Chrono Boost)  
  69  6:40  Probe  
  70  6:50  Pylon  
  70  6:52  Pylon  
  70  6:53  Pylon  
  70  6:56  Pylon  
  70  7:04  Gateway  
  70  7:06  Gateway  
  70  7:08  Probe  
  70  7:13  Zealot  
  70  7:14  Zealot x2  
  73  7:41  Colossus x2  
  73  7:42  Colossus  
  91  7:48  Zealot x3  
  97  8:12  Colossus  
  101  9:05  Observer  
  101  9:06  Pylon  
  101  9:07  Pylon  
  101  9:09  Pylon  
  101  9:10  Pylon  
  101  9:12  Pylon  
Tags
 
Composition
Blink Stalkers
League
Gold
Matchup
PvZ
Spawn Locations
Close Positions
Add a new tag
Caveats
  • Supply blocks, unpowered buildings, or Contaminate may cause inaccurate times.
  • Supply counts are checked every 10 seconds.